 Dungeon Crawl Stone Soup version 0.14-a0-2124-ga163777 (webtiles) character file.

182 Kae the Ducker (level 4, -1/21 HPs)
             Began as a Spriggan Enchanter on Jan 27, 2014.
             Killed by divine providence
             ... invoked by an orc priest
              (14 damage)
             ... on Level 3 of the Dungeon.
             The game lasted 00:03:07 (2382 turns).

Kae the Ducker (Spriggan Enchanter)                 Turns: 2382, Time: 00:03:07

HP  -1/21        AC  3     Str  5      XL: 4   Next: 39%
MP  13/13        EV 20     Int 16      God:
Gold 87          SH  0     Dex 16      Spells:  3 memorised,  3 levels left

rFire  . . .     SeeInvis +     a - +1 dagger
rCold  . . .     Clarity  .     b - +1 robe
rNeg   . . .     Conserve .     (shield restricted)
rPois  .         rCorr    .     (helmet restricted)
rElec  .         rRot     .     (no cloak)
SustAb . .       Spirit   .     (gloves unavailable)
rMut   .         Warding  .     (boots unavailable)
Saprov . . .     Stasis   .     (no amulet)
MR     .....                    (no ring)
                                (no ring)

@: very quick, not resistant to hostile enchantments, stealthy
A: unfitting armour, see invisible, herbivore 3, speed 3, slow metabolism 2
a: no special abilities


You were on level 3 of the Dungeon.
You were not hungry.

You visited 1 branch of the dungeon, and saw 3 of its levels.

You collected 87 gold pieces.

Inventory:

Hand weapons
 a - a +1,+1 dagger (weapon)
Missiles
 d - 12 darts (quivered)
Armour
 b - a +1 robe (worn)
Comestibles
 m - a bread ration
Scrolls
 g - 3 scrolls of recharging {unknown}
 i - 3 scrolls of identify {unknown}
 j - a scroll of enchant armour {unknown}
 n - a scroll of remove curse {unknown}
 p - a scroll of curse armour {unknown}
 r - 2 scrolls of fear {unknown}
 t - a scroll of noise {unknown}
 w - 2 scrolls of amnesia {unknown}
 x - a scroll of teleportation {unknown}
Jewellery
 l - an uncursed amulet of warding {unknown}
 q - an uncursed ring of poison resistance {unknown}
 v - a cursed ring of teleportation {unknown}
Potions
 e - a potion of porridge
 f - a potion of restore abilities {unknown}
 h - 3 potions of agility {unknown}
 k - 2 potions of mutation {unknown}
 o - a potion of heal wounds {unknown}
 s - a potion of resistance {unknown}
 u - 2 potions of curing {unknown}
 z - a potion of confusion {unknown}
Books
 c - a book of Maledictions

   Spells                             Type                      Level
   *Corona                            Hexes                        1
   Sure Blade                         Hexes/Charms                 2
   *Ensorcelled Hibernation           Hexes/Ice                    2
   *Confuse                           Hexes                        3
   Enslavement                        Hexes                        4
   Invisibility                       Hexes                        6


   Skills:
 + Level 0.1 Fighting
 + Level 1.3 Short Blades
 + Level 1.1 Throwing
 + Level 5.2 Dodging
 + Level 3.4 Stealth
 + Level 3.3 Spellcasting
 + Level 4.3 Hexes
 + Level 0.1 Ice Magic


You had 3 spell levels left.
You knew the following spells:

 Your Spells              Type           Power        Failure   Level  Hunger
a - Corona                Hex            ###....      3%          1    None
b - Ensorcelled Hibernat  Hex/Ice        #.....       12%         2    ##.....
c - Confuse               Hex            ###.....     12%         3    ###....


Dungeon Overview and Level Annotations

Branches:
Dungeon (3/16)

Altars:
Makhleb


Innate Abilities, Weirdness & Mutations

You are tiny and cannot use many weapons and most armour.
You have supernaturally acute eyesight.
You are a herbivore.
You cover ground extremely quickly.
You need consume almost no food.


Message History

You closely miss the quokka.
The orc shouts!
The quokka completely misses you.
An orc and an orc priest come into view.
You hit the quokka.
The quokka is moderately wounded.
The quokka bites you.
An orc wizard comes into view. It is wielding an orcish dagger.
You hit the quokka.
The quokka is severely wounded.
The quokka barely misses you.
You hit the quokka but do no damage.
The quokka is severely wounded.
The quokka misses you.
The orc wizard casts a spell.
The orc wizard seems to speed up.
The orc priest mumbles some strange prayers to Beogh against you.
Something smites you!
Ouch! That really hurt!
You die...

...##.#...........###>
#.................###.
#.....................
#.................###.
#.....%...........# #.
#.......#.###.....# ##
##.##.###.# #.....# #
# #.# #.# #####.## #
#.##@###.#### ....##
#............ .....
####......... .....
#r......## # #.......#
# #..o....# . #
#.......# .... #
#oo.....# ..... #
#o...##. ......##


You could see an orc priest, an orc wizard, 2 orcs and a quokka.

Vanquished Creatures
  A hound (D:2)
  An adder (D:3)
  2 giant geckos
  An ooze (D:1)
  5 giant cockroaches
  4 hobgoblins
  4 quokkas
  6 bats
  A giant newt (D:1)
  6 goblins
  4 jackals
  9 kobolds
  5 rats
49 creatures vanquished.

Notes
Turn   | Place    | Note
--------------------------------------------------------------
     0 | D:1      | Kae, the Spriggan Enchanter, began the quest for the Orb.
     0 | D:1      | Reached XP level 1. HP: 9/9 MP: 4/4
   298 | D:1      | Reached XP level 2. HP: 11/13 MP: 7/7
   668 | D:1      | Reached skill level 4 in Hexes
  1135 | D:2      | Reached XP level 3. HP: 13/16 MP: 9/9
  1168 | D:2      | Found a burning altar of Makhleb.
  1377 | D:2      | Learned a level 2 spell: Ensorcelled Hibernation
  1381 | D:2      | Learned a level 3 spell: Confuse
  1663 | D:2      | Reached XP level 4. HP: 21/21 MP: 13/13
  2161 | D:3      | Reached skill level 5 in Dodging
  2382 | D:3      | Killed from afar by an orc priest

Action                   |  1- 3 |  4- 6 || total
-------------------------+-------+-------++-------
Melee: Dagger            |   169 |   102 ||   271
 Cast: Corona            |     6 |       ||     6
       Ensorcelled Hiber |       |     8 ||     8
 Stab: Sleeping          |     5 |     2 ||     7
